 Dungeon Crawl Stone Soup version 0.31-a0-986-g5e6e4ef867 (webtiles) character file.

Game seed: 3296401315632083822

35 skwerlee the Trooper (level 3, -7/24 HPs)
             Began as a Gargoyle Berserker on Nov 12, 2023.
             Was a Follower of Trog.
             Mangled by Sigmund
             ... wielding a +0 scythe
              (8 damage)
             ... on level 2 of the Dungeon.
             The game lasted 00:00:48 (715 turns).

skwerlee the Trooper (Gargoyle Berserker)            Turns: 715, Time: 00:00:48

Health: -7/24      AC:  5    Str: 22    XL:     3   Next: 35%
Magic:  3/3        EV: 12    Int:  7    God:    Trog [*.....]
Gold:   8          SH:  0    Dex:  9    Spells: 2/2 levels left

rFire   . . .        a - +0 hand axe
rCold   . . .        (no shield)
rNeg    + . .        b - +0 animal skin
rPois   ∞            (no helmet)
rElec   +            (no cloak)
rCorr   .            (no gloves)
SInv    .            (no boots)
Will    .....        (no amulet)
Stlth   +            (no ring)
HPRegen 0.24/turn    (no ring)
MPRegen 0.08/turn

%: no passive effects
@: on berserk cooldown, slowed, very slow
A: sickness immunity, AC +3, negative energy resistance 1, electricity
resistance, torment resistance 1, petrification resistance
a: Renounce Religion, Berserk


You were on level 2 of the Dungeon.
You worshipped Trog.
Trog was aware of your devotion.
You visited 1 branch of the dungeon, and saw 2 of its levels.

You collected 8 gold pieces.

Inventory:

Hand Weapons
 a - a +0 hand axe (weapon)
Missiles
 c - 2 throwing nets
Armour
 b - a +0 animal skin (worn)
Scrolls
 f - a scroll of poison {unknown}
 g - a scroll of teleportation {unknown}
Potions
 d - a potion of berserk rage {unknown}
 e - a potion of degeneration {unknown}


   Skills:
 + Level 3.8 Fighting
 + Level 3.2 Axes
 + Level 2.4 Armour
 + Level 1.9 Dodging


You had 2 spell levels left.
You didn't know any spells.
Your spell library was empty.

Dungeon Overview and Level Annotations

Branches:
Dungeon (2/15)

Altars:

Annotations:
D:2 Sigmund


Innate Abilities, Weirdness & Mutations

You are immune to sickness and miasma.
Your stone body is resilient. (AC +3)
You are immune to poison.
You resist negative energy. (rN+)
You are resistant to electric shocks. (rElec)
You are resistant to unholy torment.
You are immune to petrification.


Message History

The jackal is heavily wounded.
The jackal closely misses you. Something hits you!
The jackal closely misses you.
You hit the jackal.
The jackal is heavily wounded.
The jackal closely misses you. Something hits you but does no damage.
The ball python hisses angrily.
You hit the jackal.
You kill the jackal!
Trog accepts your kill.
A red film seems to cover your vision as you go berserk!
You feel yourself moving faster!
You feel mighty! Something hits you.
You feel a strong urge to attack something.
You see here a +0 dagger of electrocution.
You barely miss something. Your punch misses something.
You hear some strange, mumbled words.
A puff of flame appears from out of thin air!
The puff of flame hits you.
You closely miss something. Something hits you but does no damage.
You slash something! You barely miss something. Something hits you!
* * * LOW HITPOINT WARNING * * *
You miss something. You barely miss something.
You hear some strange, mumbled words.
Something tries to affect you, but you resist.
You closely miss something. Something hits you.
* * * LOW HITPOINT WARNING * * *
You completely miss something. You closely miss something. Something hits you.
* * * LOW HITPOINT WARNING * * *
You closely miss something. You closely miss something.
You barely miss something. Something hits you.
* * * LOW HITPOINT WARNING * * *
You miss something.
You are no longer berserk.
You are exhausted.
You feel yourself slow down. Something hits you!
You die...

#.# #.# #.# #.# #.#
#.# # #.# #.#
##.#.####.# #.#
..........#######.#
........Sh........#
#########{#########
#@# #.# #.# ..#
.... #####


You could see a jackal and a ball python.

Vanquished Creatures
  2 dart slugs (D:1)
  5 ball pythons (D:1)
  2 endoplasms (D:1)
  A giant cockroach (D:1)
  3 goblins (D:1)
  4 hobgoblins (D:1)
  4 jackals
  2 bats (D:1)
  A kobold (D:2)
  4 rats (D:1)
28 creatures vanquished.

Notes
Turn   | Place    | Note
-------+----------+-------------------------------------------
     0 | D:1      | skwerlee the Gargoyle Berserker began the quest for the
                  | Orb.
     0 | D:1      | Reached XP level 1. HP: 14/14 MP: 1/1
    55 | D:1      | Reached XP level 2. HP: 8/19 MP: 2/2
   370 | D:1      | Reached XP level 3. HP: 24/24 MP: 3/3
   683 | D:2      | Noticed Sigmund
   715 | D:2      | Mangled by Sigmund

Illustrated notes

Levels and vault maps discovered:
D:1:      dpeg_arrival_three_same_balls, layout_basic
D:2:      layout_basic, uniq_sigmund

Skill      XL: |  1  2 |
---------------+-------+-----
Axes           | 3 |  3.2
Fighting       | |  3.8
Armour         | |  2.4
Dodging        | |  1.9

Action                     || total
---------------------------++-------
  Melee: Hand axe          ||    71
 Invoke: Berserk           ||     1
   Stab: Sleeping          ||     1
 Armour: Animal skin       ||    50
  Dodge: Dodged            ||    49

Table legend: (Time is in decaauts)
 A = Elapsed time spent in this place.
 B = Non-inter-level travel time spent in this place.
 C = Inter-level travel time spent in this place.
 D = Time resting spent in this place.
 E = Time spent auto-exploring this place.
 F = Levels seen in this place.
 G = Mean time per level.
                   A        B        C        D        E       F      G
               +--------+--------+--------+--------+--------+-----+--------+
         Total |    720 |    711 |      9 |    177 |    386 |   2 |  360.0 |
       Dungeon |    720 |    711 |      9 |    177 |    386 |   2 |  360.0 |
               +--------+--------+--------+--------+--------+-----+--------+

Top non-repeatable levels by time:
     D:1: 663 daAuts
     D:2: 56 daAuts
